 Dungeon Crawl Stone Soup version 0.25-a0-1007-g10a8c3caa8 (webtiles) character file.

Game seed: 14863167154108718618, levelgen mode: deterministic

4136 MisterFreud the Nimble (level 10, -15/71 HPs)
             Began as an Octopode Gladiator on May 11, 2020.
             Was a Priest of Cheibriados.
             Demolished by Harold
             ... wielding a +5 short sword of draining
              (22 damage)
             ... on level 8 of the Dungeon.
             The game lasted 00:12:46 (10205 turns).

MisterFreud the Nimble (Octopode Gladiator)        Turns: 10205, Time: 00:12:47

Health: -15/71     AC:  1    Str: 21    XL:     10   Next: 27%
Magic:  23/23      EV: 34    Int: 22    God:    Cheibriados [***...]
Gold:   372        SH:  0    Dex: 22    Spells: 9/9 levels left

rFire    . . .     SeeInvis .   a - +0 long sword
rCold    . . .     Gourm    .   (no shield)
rNeg     . . .     Faith    .   b - +0 hat
rPois    .         Spirit   .   k - amulet of the acrobat
rElec    .         Reflect  .   w - ring of magical power
rCorr    .         Harm     .   C - ring of wizardry
MR       .....                  (no ring)
Stlth    +++.......             (no ring)
HPRegen  0.21/turn              (no ring)
MPRegen  0.18/turn              (no ring)
                                (no ring)
                                (no ring)

@: acrobat, heavily drained, very slow
A: almost no armour, stealthy swim, amphibious, 8 rings, constrict 8, camouflage
1, gelatinous body 1
a: Bend Time, Temporal Distortion, Renounce Religion


You were on level 8 of the Dungeon.
You worshipped Cheibriados.
Cheibriados was most pleased with you.
You were hungry.

You visited 2 branches of the dungeon, and saw 9 of its levels.

You collected 372 gold pieces.

Inventory:

Hand Weapons
 a - a +0 long sword (weapon)
Missiles
 c - 2 throwing nets
 f - 160 stones
 g - 94 arrows
 i - 68 poisoned darts (quivered)
 l - 31 bolts
 n - 112 sling bullets
 u - 7 atropa-tipped darts
 y - 5 boomerangs
 F - 6 javelins
Armour
 b - a +0 hat (worn)
Jewellery
 k - an amulet of the acrobat (around mantle)
 w - a ring of magical power (left tentacle)
 C - a ring of wizardry (right tentacle)
Wands
 x - a wand of clouds (2)
 G - a wand of paralysis (5)
 H - a wand of acid (6)
Scrolls
 e - a scroll of enchant armour {unknown}
 m - 5 scrolls of remove curse
 o - 2 scrolls of magic mapping {unknown}
 q - 3 scrolls of teleportation {unknown}
 s - 3 scrolls of random uselessness {unknown}
 z - a scroll of vulnerability {unknown}
 D - 2 scrolls of fog {unknown}
Potions
 h - a potion of curing
 j - 2 potions of resistance
 t - a potion of lignification
 v - 2 potions of flight
 B - a potion of degeneration
 E - a potion of brilliance
 I - a potion of mutation {unknown}
Comestibles
 d - 15 rations


   Skills:
 + Level 7.2(5.8) Fighting
 + Level 7.5(6.1) Long Blades
 - Level 2.0(0.8) Throwing
 - Level 8.0(6.5) Dodging
 - Level 6.0(4.6) Invocations
 - Level 6.0(4.6) Evocations


You had 9 spell levels left.
You didn't know any spells.
Your spell library contained the following spells:

 Spells                   Type           Power        Failure   Level  Hunger
 Magic Dart               Conj           #...         7%          1    ##.....
 Summon Small Mammal      Summ           #...         7%          1    ##.....
 Blink                    Tloc           N/A          11%         2    ###....
 Call Imp                 Summ           #.......     11%         2    ###....
 Slow                     Hex            #.......     11%         2    ###....
 Call Canine Familiar     Summ           #.......     21%         3    ####...
 Conjure Flame            Conj/Fire      #.......     21%         3    ####...
 Mephitic Cloud           Conj/Pois/Air  #.......     21%         3    ####...
 Summon Guardian Golem    Hex/Summ       #.......     21%         3    ####...
 Summon Ice Beast         Ice/Summ       #.......     52%         4    #####..
 Summon Lightning Spire   Summ/Air       #.......     52%         4    #####..


Dungeon Overview and Level Annotations

Branches:
Dungeon (8/15)             Temple (1/1) D:4
   Lair: D:8-11

Altars:
Cheibriados
Gozag
Hepliaklqana
Kikubaaqudgha
Nemelex Xobeh
Vehumet
Wu Jian
Xom
Yredelemnul
The Shining One

Annotations:
D:8 Harold


Innate Abilities, Weirdness & Mutations

You cannot wear most types of armour.
You are very stealthy in the water. (Stealth+)
You are amphibious.
You can wear up to eight rings at the same time.
You can use your tentacles to constrict eight enemies at once.
Your skin changes colour to match your surroundings (Stealth+).
Your rubbery body absorbs attacks. (AC +1, EV +1)


Message History

You constrict Harold, but do no damage.
Harold hits you with a +5 short sword of draining!!
You feel drained.
You hit Harold. You squeeze Harold!
Harold is heavily wounded.
You constrict Harold! Harold barely misses you.
You riposte.
You hit Harold.
Harold is heavily wounded.
You hit Harold but do no damage. You squeeze Harold.
Harold is severely wounded.
You constrict Harold.
Harold hits you with a +5 short sword of draining!!
* * * LOW HITPOINT WARNING * * *
You feel drained.
* * * LOW HITPOINT WARNING * * *
Unknown command.
Unknown command.
Unknown command.
You constrict Harold!
Harold hits you with a +5 short sword of draining!!
You die...

#.....# #.... #..)#
#.....# ##))# #.....##
####.>#### #......#
#......... #...@..#
#......... #......#####.
#......... #....†.......
#......... #.....######
#......... #....(@@...#
#.........
#.....####.####.........
#.....##......#.........
........##......#.........
...[######......'...<.....
.... ###.##.#......... ...
#.##.#......... ..
#.##.#.........
#.##.##########


You could see Harold.

Vanquished Creatures
  Psyche (D:8)
  Grinder (D:3)
  4 hogs (D:7)
  A human (D:7)
  An orc warrior (D:8)
  3 black bears
  A phantom (D:8)
  A water moccasin (D:8)
  2 ice beasts
  3 ogres
  A necrophage (D:8)
  A centaur (D:7)
  A big kobold (D:6)
  4 bullfrogs
  A water moccasin zombie (D:5)
  4 killer bees (D:8)
  2 howler monkeys
  A crimson imp (D:6)
  A hound (D:7)
  7 orc priests
  2 jellies
  3 centaur skeletons
  Crazy Yiuf (D:2)
  Terence (D:2)
  Natasha (D:3)
  2 worker ants (D:5)
  6 orc wizards
  4 adders
  3 gnolls (D:3)
  A shadow imp (D:6)
  An adder zombie (D:6)
  2 worms (D:2)
  A dart slug (D:3)
  6 leopard geckos
  28 orcs
  9 bats
  6 giant cockroaches
  6 goblins
  10 hobgoblins
  2 jackals (D:2)
  4 quokkas
  6 frilled lizards
  10 kobolds
  A leopard gecko skeleton (D:6)
  9 rats
166 creatures vanquished.

Vanquished Creatures (others)
  5 dream sheep (D:7)
  A giant cockroach (D:2)
6 creatures vanquished.

Grand Total: 172 creatures vanquished

Notes
Turn   | Place    | Note
-------+----------+-------------------------------------------
     0 | D:1      | MisterFreud the Octopode Gladiator began the quest for the
                  | Orb.
     0 | D:1      | Reached XP level 1. HP: 14/14 MP: 1/1
   542 | D:1      | Reached XP level 2. HP: 17/20 MP: 2/2
  1155 | D:2      | Reached XP level 3. HP: 22/26 MP: 3/3
  1359 | D:2      | Noticed Terence
  1370 | D:2      | Killed Terence
  1407 | D:2      | Reached XP level 4. HP: 33/33 MP: 4/4
  1752 | D:2      | Found a runed translucent door.
  1753 | D:2      | Noticed Crazy Yiuf
  2200 | D:2      | Killed Crazy Yiuf
  2353 | D:3      | Reached XP level 5. HP: 37/37 MP: 5/5
  2834 | D:3      | Noticed Grinder
  2848 | D:3      | Killed Grinder
  2848 | D:3      | Reached XP level 6. HP: 37/43 MP: 6/6
  3501 | D:3      | Noticed Natasha
  3507 | D:3      | Killed Natasha
  3644 | D:4      | Reached skill level 4 in Dodging
  3647 | D:4      | Reached XP level 7. HP: 18/48 MP: 7/7
  3952 | D:4      | Found a staircase to the Ecumenical Temple.
  3962 | Temple   | Entered the Ecumenical Temple
  3978 | Temple   | Became a worshipper of Cheibriados the Contemplative
  4269 | D:5      | Entered Level 5 of the Dungeon
  4410 | D:5      | Reached skill level 5 in Dodging
  5134 | D:5      | Reached skill level 6 in Dodging
  5213 | D:5      | Found an opulent altar of Gozag.
  5683 | D:5      | Reached * piety under Cheibriados
  5875 | D:6      | Reached XP level 8. HP: 53/54 MP: 8/8
  5953 | D:6      | Reached skill level 7 in Dodging
  6019 | D:6      | HP: 2/54 [ogre/+0 giant club (28)]
  6610 | D:6      | Reached skill level 8 in Dodging
  7080 | D:6      | Reached skill level 5 in Fighting
  7279 | D:6      | Reached ** piety under Cheibriados
  7825 | D:7      | Reached skill level 1 in Invocations
  7825 | D:7      | Reached skill level 1 in Evocations
  8081 | D:7      | Reached XP level 9. HP: 60/62 MP: 10/10
  8548 | D:7      | Found a shimmering altar of Xom.
  8754 | D:7      | Found an ancient bone altar of Kikubaaqudgha.
  8755 | D:7      | Found a radiant altar of Vehumet.
  8796 | D:7      | Reached *** piety under Cheibriados
  8796 | D:7      | Reached skill level 5 in Invocations
  8796 | D:7      | Reached skill level 5 in Evocations
  9457 | D:8      | Reached XP level 10. HP: 67/69 MP: 14/14
  9482 | D:8      | Noticed Psyche
  9558 | D:8      | Noticed Harold
  9809 | D:8      | Killed Psyche
  9821 | D:8      | HP: 2/106 [orc warrior/+0 trident (4)]
 10205 | D:8      | Demolished by Harold

Illustrated notes

Levels and vault maps discovered:
D:1:      sevenhm_arrival_forest_fort_large_3, layout_basic
D:2:      layout_loops_ring, lemuel_flame_loot_1, uniq_crazy_yiuf_cottage,
          uniq_terence
D:3:      layout_basic, hangedman_decor_peaks_small, kennysheep_nondescript,
          minmay_statues_item, chequers_serial_rivers_marsh, uniq_natasha,
          uniq_grinder
D:4:      layout_rooms, minmay_temple_entry_statues_pillars,
          chequers_serial_rivers_room_b
D:5:      layout_basic, kennysheep_mini, first_ration, solitary_fountain
D:6:      layout_gridville
D:7:      layout_basic, kb_xom_exploding_sheep,
          gammafunk_temple_overflow_statue, grunt_livestock,
          minmay_crystal_room, kennysheep_generic_room_2
D:8:      layout_basic, grunt_ministairs_3, minmay_crystal_water, uniq_pikel,
          uniq_harold, uniq_psyche
Temple:   nicolae_temple_elliptical

Skill      XL: |  1  2  3  4  5  6  7  8  9 10 |
---------------+-------------------------------+-----
Fighting       | 3 4 6 7 |  7.2
Long Blades    | 4 6 7 |  7.5
Dodging        | 4 6 8 |  8.0
Invocations    | 2 6 |  6.0
Evocations     | 2 6 |  6.0
Throwing       | |  2.0

Action                   |  1- 3 |  4- 6 |  7- 9 | 10-12 || total
-------------------------+-------+-------+-------+-------++-------
Melee: Long sword        |    46 |    84 |   201 |    42 ||   373
       Constrict         |    16 |    22 |    52 |     6 ||    96
       Tentacles         |    17 |    21 |    88 |    16 ||   142
Throw: Dart              |       |       |     6 |       ||     6
       Throwing net      |       |       |     3 |       ||     3
Evoke: Wand              |       |       |     3 |     3 ||     6
  Use: Scroll            |       |       |       |     7 ||     7
       Potion            |       |       |       |     4 ||     4
 Stab: Sleeping          |     9 |     5 |     5 |       ||    19
       Paralysed         |       |       |     5 |       ||     5
  Eat: Chunk             |     2 |     7 |    12 |       ||    21
Armor: Skin              |     2 |     1 |     4 |    14 ||    21
Dodge: Dodged            |    23 |    62 |   181 |    30 ||   296
       Rpst.: Long sword |     7 |    25 |    53 |     9 ||    94

Table legend:
 A = Non-vault XP
 B = Vault XP
 C = Vault XP percentage of total XP
 D = Non-vault monster count
 E = Vault monster count
 F = Vault count percentage of total count
                 A         B        C        D         E       F
            +---------+---------+-------+---------+---------+-------
      Total |    3865 |    2044 |  34.6 |     151 |      15 |   9.0
            +---------+---------+-------+---------+---------+-------
        D:1 |      29 |       0 |   0.0 |      18 |       0 |   0.0
        D:2 |      55 |      77 |  58.3 |      20 |       2 |   9.1
        D:3 |     119 |     285 |  70.5 |      26 |       2 |   7.1
        D:4 |     143 |       0 |   0.0 |       8 |       0 |   0.0
        D:5 |     466 |       0 |   0.0 |      19 |       0 |   0.0
        D:6 |     968 |       0 |   0.0 |      26 |       0 |   0.0
        D:7 |     561 |    1209 |  68.3 |      19 |       7 |  26.9
        D:8 |    1524 |     473 |  23.7 |      15 |       4 |  21.1
            +---------+---------+-------+---------+---------+-------
